 Dungeon Crawl Stone Soup version 0.23-a0-767-gdc19b93d68 (webtiles) character file.

1376 Azzok the Covert (level 8, 0/46 HPs)
             Began as an Octopode Enchanter on Jan 22, 2019.
             Was an Initiate of Vehumet.
             Slain by a bullfrog (2 damage)
             ... on level 6 of the Dungeon.
             The game lasted 00:09:07 (6433 turns).

Azzok the Covert (Octopode Enchanter)               Turns: 6433, Time: 00:09:08

Health: 0/46       AC:  1    Str:  7    XL:     8   Next: 66%
Magic:  2/15       EV: 13    Int: 19    God:    Vehumet [......]
Gold:   344        SH:  0    Dex: 13    Spells: 11/17 levels left

rFire    . . .     SeeInvis +   i - +2 dagger (elec)
rCold    . . .     Gourm    .   (no shield)
rNeg     . . .     Faith    .   (helmet restricted)
rPois    .         Spirit   .   (no amulet)
rElec    .         Reflect  .   e - ring of see invisible
rCorr    .         Harm     .   (no ring)
MR       .....                  (no ring)
Stlth    +++++.....             (no ring)
HPRegen  0.15/turn              (no ring)
MPRegen  0.14/turn              (no ring)
                                (no ring)
                                (no ring)

@: no status effects
A: almost no armour, stealthy swim, amphibious, 8 rings, constrict 8, camouflage
1, gelatinous body 1
a: Renounce Religion


You were on level 6 of the Dungeon.
You worshipped Vehumet.
Vehumet was noncommittal.
You were not hungry.

You visited 2 branches of the dungeon, and saw 7 of its levels.

You collected 344 gold pieces.

Inventory:

Hand Weapons
 i - a +2 dagger of electrocution (weapon)
 j - a +3 dagger of speed
Jewellery
 e - a ring of see invisible (left tentacle)
Scrolls
 b - a scroll of remove curse
 h - a scroll of amnesia {unknown}
 k - a scroll of blinking
 l - 6 scrolls of identify
 m - 2 scrolls of fog
 s - a scroll of enchant armour
Potions
 a - a potion of might
 d - 2 potions of curing {unknown}
 f - 2 potions of mutation {unknown}
 g - 2 potions of degeneration {unknown}
 n - a potion of magic {unknown}
 o - a potion of resistance {unknown}
 p - a potion of agility {unknown}
 q - a potion of lignification
Comestibles
 c - 12 rations
 r - a chunk of flesh


   Skills:
 + Level 5.1 Short Blades
 - Level 2.0 Dodging
 + Level 8.3 Stealth
 + Level 5.1 Spellcasting
 + Level 5.9 Hexes


You had 11 spell levels left.
You knew the following spells:

 Your Spells              Type           Power        Failure   Level  Hunger
a - Corona                Hex            ####...      1%          1    None
b - Ensorcelled Hibernat  Hex/Ice        ###...       5%          2    #......
c - Confuse               Hex            ####....     3%          3    ##.....

Your spell library contained the following spells:

 Spells                   Type           Power        Failure   Level  Hunger
 Tukima's Dance           Hex            ####....     3%          3    ##.....
 Dazzling Spray           Conj/Hex       ###...       11%         3    ##.....
 Summon Guardian Golem    Hex/Summ       ###.....     11%         3    ##.....
 Summon Small Mammal      Summ           #...         12%         1    None
 Call Imp                 Summ           #.......     19%         2    #......
 Call Canine Familiar     Summ           #.......     36%         3    ##.....
 Summon Ice Beast         Ice/Summ       #.......     77%         4    ####...
 Summon Lightning Spire   Summ/Air       #.......     77%         4    ####...


Dungeon Overview and Level Annotations

Branches:
Dungeon (6/15)             Temple (1/1) D:5

Altars:
Ashenzari
Cheibriados
Dithmenos
Elyvilon
Fedhas
Hepliaklqana
Makhleb
Nemelex Xobeh
Okawaru
Qazlal
Ru
Sif Muna
Trog
Uskayaw
Vehumet
Wu Jian
Xom
Yredelemnul
Zin
The Shining One


Innate Abilities, Weirdness & Mutations

You cannot wear most types of armour.
You are very stealthy in the water. (Stealth+)
You are amphibious.
You can wear up to eight rings at the same time.
You can use your tentacles to constrict eight enemies at once.
Your skin changes colour to match your surroundings (Stealth+).
Your rubbery body absorbs attacks. (AC +1, EV +1)


Message History

Okay, then.
Casting: Confuse (safe; 3% risk of failure)
Confirm with . or Enter, or press ? or * to list all spells.
Aiming: Ensorcelled Hibernation (safe; 5% risk of failure)
Press: ? - help, Shift-Dir - straight line, f/p - centaur
Aim: a centaur, wielding a +2 shortbow of flaming (confused, chance to defeat MR: 47%)
The centaur resists with some effort.
The bullfrog hits you.
* * * LOW HITPOINT WARNING * * *
Casting: Ensorcelled Hibernation (safe; 5% risk of failure)
Confirm with . or Enter, or press ? or * to list all spells.
Aiming: Ensorcelled Hibernation (safe; 5% risk of failure)
Press: ? - help, Shift-Dir - straight line, f/p - centaur
Aim: a centaur, wielding a +2 shortbow of flaming (confused, chance to defeat MR: 47%)
The centaur looks drowsy...
* * * LOW MAGIC WARNING * * *
The centaur unwields a +2 shortbow of flaming.
It stops flaming.
The centaur closely misses the bullfrog.
The centaur hits itself!
The bullfrog misses you. The bullfrog hits you.
You die...

▒▒▒▒▒▒▒▒▒▒▒▒▒▒
▒············▒····
▒············▒····
▒············▒····
▒@··(▒▒▒▒▒'▒▒▒····
▒cF··▒▒▒·····▒····
···················▒····
·c·················▒····
·F·················'····
···················▒····
···················▒·)··
···················▒····
···················▒····


You could see a bullfrog and a centaur (confused).

Vanquished Creatures
  Edmund (D:5)
  A water moccasin (D:5)
  2 phantoms (D:5)
  An ice beast (D:5)
  2 sky beasts (D:5)
  2 scorpions
  2 howler monkeys
  3 orc priests (D:6)
  A centaur skeleton (D:4)
  4 orc wizards
  An iguana (D:4)
  2 worker ants (D:4)
  A hound skeleton (D:5)
  7 gnolls
  3 adders
  A shadow imp (D:6)
  2 dart slugs
  4 worms
  A leopard gecko (D:2)
  19 orcs
  2 ball pythons
  4 giant cockroaches
  7 hobgoblins
  A quokka (D:3)
  7 bats
  3 frilled lizards
  7 goblins
  15 kobolds
  10 rats
116 creatures vanquished.

Notes
Turn   | Place    | Note
-------+----------+-------------------------------------------
     0 | D:1      | Azzok the Octopode Enchanter began the quest for the Orb.
     0 | D:1      | Reached XP level 1. HP: 11/11 MP: 3/3
   515 | D:1      | Reached XP level 2. HP: 16/17 MP: 5/5
   549 | D:1      | Learned a level 2 spell: Ensorcelled Hibernation
  1069 | D:2      | Reached XP level 3. HP: 21/21 MP: 3/6
  1150 | D:2      | Found a hide-covered altar of Uskayaw.
  1698 | D:2      | Learned a level 3 spell: Confuse
  1791 | D:2      | Reached XP level 4. HP: 27/27 MP: 7/7
  2052 | D:2      | Reached skill level 5 in Stealth
  2647 | D:3      | Reached XP level 5. HP: 19/31 MP: 0/9
  3624 | D:3      | Found a bloodstained altar of Trog.
  3888 | D:4      | Found an iron altar of Okawaru.
  3945 | D:4      | Reached XP level 6. HP: 36/36 MP: 5/10
  4246 | D:4      | Reached skill level 6 in Stealth
  4674 | D:5      | Entered Level 5 of the Dungeon
  4682 | D:5      | Noticed a water moccasin
  4686 | D:5      | Killed a water moccasin
  4686 | D:5      | Reached XP level 7. HP: 41/41 MP: 9/12
  4763 | D:5      | Noticed Edmund
  4969 | D:5      | Killed Edmund
  5125 | D:5      | Reached skill level 7 in Stealth
  5125 | D:5      | Reached skill level 5 in Hexes
  5231 | D:5      | Found a glowing golden altar of the Shining One.
  5253 | D:5      | Found a staircase to the Ecumenical Temple.
  5291 | D:5      | Reached XP level 8. HP: 17/46 MP: 2/14
  5380 | Temple   | Entered the Ecumenical Temple
  5493 | Temple   | Became a worshipper of Vehumet
  5733 | D:5      | Found a deep blue altar of Sif Muna.
  5849 | D:5      | Found a stormy altar of Qazlal.
  5849 | D:5      | Found a sparkling altar of Nemelex Xobeh.
  5850 | D:5      | Found a blossoming altar of Fedhas.
  6030 | D:6      | Reached skill level 8 in Stealth
  6041 | D:6      | Reached skill level 5 in Short Blades
  6046 | D:6      | Reached skill level 5 in Spellcasting
  6432 | D:6      | HP: 2/46 [bullfrog (3)]
  6433 | D:6      | Slain by a bullfrog

Vault maps used:
D:1:      dpeg_arrival_arbitrary_c
D:2:      eat_drink_and_be_merry_uskayaw, minmay_misc_feat_iff
D:3:      bloody_trog
D:4:      kennysheep_mini_moat
D:5:      lemuel_crystal_altar, gammafunk_temple_overflow_claw,
          lemuel_doored_altar, temple_fountains, first_ration, uniq_edmund
D:6:      lemuel_old_faithful
Temple:   cyrus_circular_temple

Skill      XL: |  1  2  3  4  5  6  7  8 |
---------------+-------------------------+-----
Short Blades   | 2 3 4 5 |  5.1
Stealth        | 5 6 7 8 |  8.3
Spellcasting   | 3 4 5 |  5.1
Hexes          | 4 5 |  5.9
Dodging        | |  2.0

Action                   |  1- 3 |  4- 6 |  7- 9 || total
-------------------------+-------+-------+-------++-------
Melee: Dagger            |    70 |    74 |    80 ||   224
       Constrict         |    16 |    12 |     9 ||    37
       Tentacles         |     9 |     5 |    12 ||    26
 Cast: Corona            |     1 |     2 |     1 ||     4
       Ensorcelled Hiber |     7 |    27 |    29 ||    63
       Confuse           |       |     2 |    11 ||    13
  Use: Scroll            |       |    10 |       ||    10
 Stab: Sleeping          |    17 |    24 |    16 ||    57
       Distracted        |     1 |       |       ||     1
       Confused          |       |       |     3 ||     3
  Eat: Chunk             |     3 |    10 |     7 ||    20
Armor: Skin              |     9 |     1 |     6 ||    16
Dodge: Dodged            |    37 |    28 |    50 ||   115

Table legend:
 A = Non-vault XP
 B = Vault XP
 C = Vault XP percentage of total XP
 D = Non-vault monster count
 E = Vault monster count
 F = Vault count percentage of total count
                 A         B        C        D         E       F
            +---------+---------+-------+---------+---------+-------
      Total |    1795 |     171 |   8.7 |     115 |       1 |   0.9
            +---------+---------+-------+---------+---------+-------
        D:1 |      26 |       0 |   0.0 |      17 |       0 |   0.0
        D:2 |      90 |       0 |   0.0 |      28 |       0 |   0.0
        D:3 |     178 |       0 |   0.0 |      32 |       0 |   0.0
        D:4 |     257 |       0 |   0.0 |      10 |       0 |   0.0
        D:5 |     915 |     171 |  15.7 |      15 |       1 |   6.2
        D:6 |     329 |       0 |   0.0 |      13 |       0 |   0.0
            +---------+---------+-------+---------+---------+-------
